 Dungeon Crawl Stone Soup version 0.21.1-1-g345015fe64 (webtiles) character file.

281 Ivernyr the Covered (level 6, 0/47 HPs)
             Began as a Demonspawn Skald on Apr 25, 2018.
             Killed by nerve-wracking pain
             ... invoked by an orc priest
              (7 damage)
             ... on level 4 of the Dungeon.
             The game lasted 00:11:25 (3852 turns).

Ivernyr the Covered (Demonspawn Skald)              Turns: 3852, Time: 00:11:26

Health: 0/47       AC:  3    Str: 11    XL:     6   Next: 6%
Magic:  9/9        EV: 12    Int: 19    God:
Gold:   246        SH:  4    Dex: 19    Spells: 4/9 levels left

rFire    . . .     SeeInvis .   a - +0 long sword
rCold    . . .     Gourm    .   (no shield)
rNeg     . . .     Faith    .   b - +0 leather armour
rPois    .         Spirit   .   (helmet restricted)
rElec    .         Reflect  .   (no cloak)
rCorr    .         Harm     .   (no gloves)
MR       .....                  (no boots)
Stlth    +.........             (no amulet)
HPRegen  0.15/turn              i - +4 ring of intelligence
MPRegen  0.11/turn              t - +5 ring of dexterity

@: no status effects
A: antennae 1, large bone plates 1, spiny 1
a: no special abilities


You were on level 4 of the Dungeon.
You were very hungry.

You visited 2 branches of the dungeon, and saw 5 of its levels.

You collected 246 gold pieces.

Inventory:

Hand Weapons
 a - a +0 long sword (weapon)
Armour
 b - a +0 leather armour (worn)
 m - a +0 helmet
Jewellery
 i - a +4 ring of intelligence (left hand)
 t - a +5 ring of dexterity (right hand)
Scrolls
 e - a scroll of fog
 f - 2 scrolls of teleportation
 h - a scroll of enchant weapon
 r - a scroll of noise
 x - a scroll of amnesia {unknown}
 y - a scroll of immolation {unknown}
Potions
 g - a potion of degeneration {unknown}
 j - a potion of might {unknown}
 k - a potion of invisibility {unknown}
 l - a potion of mutation {unknown}
 n - a potion of heal wounds {unknown}
 p - a potion of haste {unknown}
 q - a potion of curing
 w - a potion of berserk rage {unknown}
Books
 c - a book of Battle

   Spells                             Type                      Level
   a - Infusion                       Charms                       1
   b - Shroud of Golubria             Charms/Translocation         2
   c - Song of Slaying                Charms                       2
   d - Spectral Weapon                Hexes/Charms                 3
   e - Regeneration                   Charms/Necromancy            3
Comestibles
 d - 9 rations


   Skills:
 + Level 3.5 Fighting
 - Level 1.7 Long Blades
 * Level 3.9 Armour
 - Level 1.7 Dodging
 - Level 2.0 Spellcasting
 + Level 3.8 Charms


You had 4 spell levels left.
You knew the following spells:

 Your Spells              Type           Power        Failure   Level  Hunger
a - Shroud of Golubria    Chrm/Tloc      #.........   14%         2    ###....
b - Song of Slaying       Chrm           ###.....     7%          2    ###....
c - Infusion              Chrm           ###.         4%          1    #......


Dungeon Overview and Level Annotations

Branches:
Dungeon (4/15)             Temple (1/1) D:4

Altars:
Cheibriados
Dithmenos
Elyvilon
Fedhas
Gozag
Hepliaklqana
Makhleb
Okawaru
Qazlal
Ru
Sif Muna
Uskayaw
Vehumet
Yredelemnul
Zin


Innate Abilities, Weirdness & Mutations

You have a pair of small antennae on your head.
You are partially covered in large bone plates. (SH +4)
You are partially covered in sharp spines.


Message History

You feel better. Something hits you but does no damage.
You hit something.
You hear some strange, mumbled words.
Something tries to affect you, but you resist.
You hear some strange, mumbled words.
A puff of flame appears from out of thin air!
The puff of flame hits you!
* * * LOW HITPOINT WARNING * * *
You hit something.
Reactivating autopickup.
You have reached level 6!
Your experience leads to an increase in your attributes!
Your base attributes are Str 11, Int 15, Dex 13.
Increase (S)trength, (I)ntelligence, or (D)exterity?
You feel agile.
Your demonic ancestry asserts itself...
A pair of antennae grows on your head!
Your +0 helmet falls away!
You feel a bit more experienced.
The orc priest calls down the wrath of Beogh upon you.
Pain shoots through your body!
You die...

######### #.......# #.#####.#
#.# #.## #.# #.≈. #.# #≈≈.
#..#.################.# #.≈_
.......)..oo)@........# #≈≈≈
#..###.####################..≈
#. #......(....... ..
#.############# ##. #.# #. #.#
#. #.# #. ##.## #...#########


You could see an orc priest and an orc.

Vanquished Creatures
  2 hounds
  Jessica (D:3)
  An orc wizard (D:4)
  Robin (D:1)
  5 adders
  An ooze (D:1)
  2 worms
  3 dart slugs
  4 leopard geckos
  2 orcs
  A giant cockroach (D:1)
  21 goblins
  12 hobgoblins
  3 jackals (D:1)
  2 ball pythons
  9 bats
  5 frilled lizards
  14 kobolds
  A quokka zombie (D:3)
  4 rats
  A butterfly (D:4)
95 creatures vanquished.

Notes
Turn   | Place    | Note
-------+----------+-------------------------------------------
     0 | D:1      | Ivernyr the Demonspawn Skald began the quest for the Orb.
     0 | D:1      | Reached XP level 1. HP: 16/16 MP: 3/3
     1 | D:1      | Reached skill level 1 in Armour
   159 | D:1      | Gained mutation: You are partially covered in sharp spines. [demonic ancestry]
   159 | D:1      | Reached XP level 2. HP: 16/22 MP: 5/5
   647 | D:1      | Learned a level 2 spell: Song of Slaying
   650 | D:1      | Learned a level 2 spell: Shroud of Golubria
   685 | D:1      | Reached XP level 3. HP: 26/28 MP: 6/6
  1012 | D:2      | Noticed Robin
  1744 | D:2      | Gained mutation: You are partially covered in large bone plates. (SH +4) [demonic ancestry]
  1744 | D:2      | Reached XP level 4. HP: 30/34 MP: 5/7
  1849 | D:1      | Killed Robin
  2287 | D:3      | Noticed Jessica
  2295 | D:3      | Killed Jessica
  2295 | D:3      | Reached XP level 5. HP: 29/41 MP: 8/8
  2660 | D:3      | Found a glowing silver altar of Zin.
  3286 | D:4      | Noticed a phantom
  3675 | D:4      | Found a staircase to the Ecumenical Temple.
  3682 | Temple   | Entered the Ecumenical Temple
  3799 | D:4      | Found a blossoming altar of Fedhas.
  3852 | D:4      | Gained mutation: You have a pair of small antennae on your head. [demonic ancestry]
  3852 | D:4      | Reached XP level 6. HP: 7/47 MP: 9/9
  3852 | D:4      | Killed from afar by an orc priest

Skill      XL: |  1  2  3  4 |
---------------+-------------+-----
Armour         | 1 2 3 |  3.9
Charms         | 3 |  3.8
Fighting       | 3 |  3.5
Long Blades    | |  1.7
Dodging        | |  1.7
Spellcasting   | |  2.0

Action                   |  1- 3 |  4- 6 || total
-------------------------+-------+-------++-------
Melee: Falchion          |    75 |   104 ||   179
       Long sword        |       |    23 ||    23
 Cast: Infusion          |     1 |       ||     1
       Shroud of Golubri |     5 |     7 ||    12
       Song of Slaying   |       |     1 ||     1
  Use: Scroll            |       |     6 ||     6
       Potion            |       |     3 ||     3
 Stab: Sleeping          |       |     1 ||     1
  Eat: Chunk             |     3 |     6 ||     9
Armor: Leather armour    |    26 |    30 ||    56
Dodge: Dodged            |    52 |    79 ||   131
Block: Other             |       |    21 ||    21
       Rpst.: Falchion   |    13 |    19 ||    32
       Long sword        |       |     2 ||     2
